 Dungeon Crawl Stone Soup version 0.20.0-15-g7f486f2 (webtiles) character file.

1722 Huz the Bolt Thrower (level 9, -5/69 HPs)
             Began as a Human Wanderer on July 2, 2017.
             Was a Priest of Uskayaw.
             Engulfed by a cloud of flame (21 damage)
             ... on level 7 of the Dungeon.
             The game lasted 01:06:13 (4557 turns).

Huz the Bolt Thrower (Human Wanderer)               Turns: 4557, Time: 01:06:14

Health: -5/69      AC:  4    Str: 16      XL:     9   Next: 24%
Magic:  17/18      EV: 12    Int: 13      God:    Uskayaw [***...]
Gold:   164        SH:  0    Dex:  9 (12) Spells: 5/8 levels left

rFire    . . .     SeeInvis .   a - +3 hand axe
rCold    . . .     Gourm    .   (no shield)
rNeg     . . .     Faith    .   I - +0 robe
rPois    .         Spirit   .   i - +0 helmet
rElec    .         Reflect  .   G - +0 cloak
rCorr    .         Harm     .   (no gloves)
MR       .....                  (no boots)
Stlth    ++........             (no amulet)
Regen    0.3/turn               C - ring of magical power
MPRegen  0.2/turn               (no ring)

@: no status effects
A: no striking features
a: Stomp, Line Pass, Renounce Religion


You were on level 7 of the Dungeon.
You worshipped Uskayaw.
Uskayaw was noncommittal.
You were not hungry.

You visited 1 branch of the dungeon, and saw 6 of its levels.

You collected 164 gold pieces.

Inventory:

Hand Weapons
 a - a +3 hand axe (weapon)
 b - a +3 hand crossbow
 h - a +0 hunting sling
 q - a +0 dagger of venom
Missiles
 c - 5 bolts
 g - 133 stones (quivered)
 p - 102 arrows
 s - 38 poisoned needles
 t - 8 needles of paralysis
Armour
 i - a +0 helmet (worn)
 k - a +0 shield
 n - a +0 ring mail
 G - a +0 cloak (worn)
 I - a +0 robe (worn)
Jewellery
 C - a ring of magical power (left hand)
Wands
 r - a wand of paralysis (17/24)
 y - a wand of random effects (22/48)
 A - a wand of flame (8/48)
Scrolls
 j - a scroll of fog
 u - a scroll of immolation
 w - a scroll of magic mapping
 x - a scroll of summoning
 B - a scroll of remove curse
 D - 2 scrolls of teleportation {unknown}
 E - a scroll of recharging {unknown}
Potions
 d - a potion of magic
 e - a potion of haste
 l - a potion of agility
 m - 3 potions of lignification
 H - 2 potions of curing
Books
 z - a book of Party Tricks

   Spells                             Type                      Level
   a - Summon Butterflies             Summoning                    1
   b - Apportation                    Translocation                1
   c - Lesser Beckoning               Translocation                3
   d - Tukima's Dance                 Hexes                        3
   e - Alistair's Intoxication        Transmutation/Poison         5
   f - Invisibility                   Hexes                        6
 J - a book of Conjurations

   Spells                             Type                      Level
   a - Magic Dart                     Conjuration                  1
   b - Searing Ray                    Conjuration                  2
   c - Dazzling Spray                 Conjuration/Hexes            3
   d - Fulminant Prism                Conjuration/Hexes            4
   e - Force Lance                    Conjuration/Translocation    4
   f - Iskenderun's Mystic Blast      Conjuration                  4
Comestibles
 f - 4 bread rations
 o - a meat ration
 v - 2 royal jellies


   Skills:
 + Level 6.1 Fighting
 + Level 4.1(4.3) Axes
   Level 2.0(3.3) Maces & Flails
 + Level 7.8 Crossbows
 + Level 1.2 Throwing
 + Level 2.3 Armour
 + Level 2.2 Dodging
 + Level 2.9 Stealth
 + Level 1.0 Shields
 + Level 0.3 Spellcasting
 + Level 0.2 Evocations


You had 5 spell levels left.
You knew the following spells:

 Your Spells              Type           Power        Failure   Level  Hunger
a - Magic Dart            Conj           #...         30%         1    ##.....
b - Searing Ray           Conj           #.....       43%         2    ###....


Dungeon Overview and Level Annotations

Branches:
Dungeon (7/15)
 Temple: D:4-7

Altars:
Ashenzari
Cheibriados
Elyvilon
Qazlal
Trog
Uskayaw
Yredelemnul


Message History

Uskayaw prepares the audience for your solo!
You hit something.
The big kobold is no longer paralysed.
Something hits you but does no damage.
You slash something! The fiery explosion engulfs you!
* * * LOW HITPOINT WARNING * * *
The fiery explosion engulfs the big kobold.
The big kobold explodes!
The fiery explosion engulfs the kobold.
The kobold explodes!
The fiery explosion engulfs the kobold.
The kobold explodes!
The fiery explosion engulfs the kobold.
The kobold explodes!
The fiery explosion engulfs the kobold.
The kobold explodes!
Your Fighting skill increases to level 6!
Your Dodging skill increases to level 2!
Reactivating autopickup.
You feel a bit more experienced.
You are engulfed in blazing flames.
You die...

(( ##.# #.(. §(# #
§§# #. ###§# #.#
#§§§# #..# ###§#
#..####.@§#
#.....(###
####..####
########.....#
.........##........
...............####
## >......#######.#
## .. .......# ...
.> .# .......# ####
#.######.#


There were no monsters in sight!

Vanquished Creatures
  The ghost of iamgrull the Thaumaturge, a novice DECj of Sif Muna (D:6)
  Sigmund (D:3)
  2 phantoms (D:6)
  An ogre (D:4)
  A big kobold (D:7)
  3 bullfrogs
  4 crimson imps
  2 quasits
  A bullfrog skeleton (D:6)
  2 hounds
  2 iguanas (D:6)
  An orc wizard (D:7)
  A worker ant (D:7)
  A hound skeleton (D:6)
  A worker ant zombie (D:6)
  8 gnolls
  5 adders
  A shadow imp (D:6)
  An ooze (D:3)
  An adder skeleton (D:7)
  2 worms
  2 leopard geckos
  3 orcs
  5 giant cockroaches
  7 goblins
  9 hobgoblins
  12 jackals
  9 kobolds
  3 quokkas
  5 bats
  6 frilled lizards
  6 rats
109 creatures vanquished.

Vanquished Creatures (others)
  A giant cockroach (D:2)
  A kobold (D:2)
  A rat (D:2)
3 creatures vanquished.

Grand Total: 112 creatures vanquished

Notes
Turn   | Place    | Note
-------+----------+-------------------------------------------
     0 | D:1      | Huz the Human Wanderer began the quest for the Orb.
     0 | D:1      | Huz set off with: a +2 hand axe, a +0 hand crossbow, 26 bolts, a potion of lignification, a +0 robe, a bread ration
     0 | D:1      | Reached XP level 1. HP: 18/18 MP: 1/1
   156 | D:1      | Reached XP level 2. HP: 24/24 MP: 2/2
   282 | D:1      | Reached XP level 3. HP: 9/29 MP: 3/3
  1033 | D:2      | Found a hide-covered altar of Uskayaw.
  1036 | D:2      | Became a worshipper of Uskayaw the Reveler
  1125 | D:2      | Reached * piety under Uskayaw
  1134 | D:2      | Reached ** piety under Uskayaw
  1199 | D:2      | Reached XP level 4. HP: 37/37 MP: 4/4
  1541 | D:2      | Reached skill level 1 in Crossbows
  1590 | D:2      | Found a snail-covered altar of Cheibriados.
  1590 | D:2      | Found a stormy altar of Qazlal.
  2066 | D:3      | Reached XP level 5. HP: 42/42 MP: 5/5
  2151 | D:3      | Reached skill level 2 in Crossbows
  2266 | D:3      | Reached *** piety under Uskayaw
  2597 | D:3      | Found a bloodstained altar of Trog.
  2597 | D:3      | Found a basalt altar of Yredelemnul.
  2598 | D:3      | Found a shattered altar of Ashenzari.
  2719 | D:3      | Noticed Sigmund
  2724 | D:3      | Killed Sigmund
  2724 | D:3      | Reached skill level 3 in Crossbows
  2724 | D:3      | Reached skill level 1 in Stealth
  2724 | D:3      | Reached XP level 6. HP: 37/49 MP: 6/6
  3039 | D:4      | Noticed an ogre
  3043 | D:4      | Killed an ogre
  3043 | D:4      | Reached skill level 4 in Crossbows
  3043 | D:4      | Reached XP level 7. HP: 55/55 MP: 7/7
  3062 | D:4      | You fall through a shaft for 3 floors!
  3147 | D:6      | Reached skill level 5 in Crossbows
  3183 | D:6      | Noticed iamgrull's ghost (novice DECj)
  3196 | D:6      | Killed iamgrull's ghost
  3196 | D:6      | Reached skill level 5 in Fighting
  3196 | D:6      | Reached skill level 6 in Crossbows
  3196 | D:6      | Reached skill level 1 in Dodging
  3196 | D:6      | Reached XP level 8. HP: 21/62 MP: 8/8
  3912 | D:6      | Reached skill level 7 in Crossbows
  3944 | D:6      | Learned a level 1 spell: Magic Dart
  3968 | D:6      | Reached XP level 9. HP: 69/69 MP: 9/9
  4273 | D:6      | Found a white marble altar of Elyvilon.
  4344 | D:7      | Found a stormy altar of Qazlal.
  4409 | D:7      | Learned a level 2 spell: Searing Ray
  4557 | D:7      | Engulfed by a cloud of flame

Skill      XL: |  1  2  3  4  5  6  7  8  9 |
---------------+----------------------------+-----
Fighting       | 4 5 6 |  6.1
Crossbows      | 1 3 4 6 7 |  7.8
Axes           | 2 3 4 |  4.1
Stealth        | 1 2 |  2.9
Dodging        | 1 2 |  2.2
Maces & Flails | |  2.0
Throwing       | |  1.2
Armour         | |  2.3
Shields        | |  1.0
Spellcasting   | |  0.3
Evocations     | |  0.2

Action                   |  1- 3 |  4- 6 |  7- 9 || total
-------------------------+-------+-------+-------++-------
Melee: Hand axe          |    47 |    13 |    48 ||   108
 Fire: Hand crossbow     |    43 |    59 |   113 ||   215
 Cast: Magic Dart        |       |       |    13 ||    13
Invok: Stomp             |       |     1 |     1 ||     2
Evoke: Wand              |       |       |     3 ||     3
  Use: Scroll            |     6 |     7 |     7 ||    20
       Potion            |     1 |     1 |     3 ||     5
 Stab: Sleeping          |     1 |       |     1 ||     2
       Paralysed         |       |     1 |     2 ||     3
  Eat: Fruit             |     1 |     3 |     3 ||     7
       Chunk             |       |     3 |     3 ||     6
Armor: Robe              |    10 |     2 |    38 ||    50
       Skin              |     3 |       |    12 ||    15
Dodge: Dodged            |    33 |    15 |    67 ||   115
